 Dungeon Crawl Stone Soup version 0.23-a0-625-g1d2cd9b (webtiles) character file.

78 zishaf the Vexing (level 4, -1/44 HPs)
             Began as an Ogre Arcane Marksman on Dec 24, 2018.
             Slain by Terence
             ... wielding a +0 flail
              (6 damage)
             ... on level 3 of the Dungeon.
             The game lasted 00:04:50 (3194 turns).

zishaf the Vexing (Ogre Arcane Marksman)            Turns: 3194, Time: 00:04:50

Health: -1/44      AC:  4    Str: 14    XL:     4   Next: 36%
Magic:  7/7        EV: 10    Int: 16    God:
Gold:   77         SH:  0    Dex: 10    Spells: 3/7 levels left

rFire    . . .     SeeInvis .   i - +3 whip
rCold    . . .     Gourm    .   (no shield)
rNeg     . . .     Faith    .   a - +0 robe
rPois    .         Spirit   .   q - +1 hat
rElec    .         Reflect  .   (no cloak)
rCorr    .         Harm     .   (gloves unavailable)
MR       .....                  (boots unavailable)
Stlth    +.........             (no amulet)
HPRegen  0.14/turn              m - +2 ring of intelligence
MPRegen  0.10/turn              (no ring)

@: no status effects
A: large, unfitting armour, tough skin 1
a: no special abilities


You were on level 3 of the Dungeon.
You were not hungry.

You visited 1 branch of the dungeon, and saw 3 of its levels.

You collected 77 gold pieces.

Inventory:

Hand Weapons
 i - a +3 whip (weapon)
Missiles
 c - 2 large rocks (quivered)
 d - 2 throwing nets {!f}
 h - 84 stones
 o - 5 tomahawks
Armour
 a - a +0 robe (worn)
 q - a +1 hat (worn)
Jewellery
 m - a +2 ring of intelligence (left hand)
Scrolls
 b - 3 scrolls of remove curse {unknown}
 e - a scroll of fog {unknown}
 j - a scroll of blinking {unknown}
 l - a scroll of enchant armour {unknown}
Potions
 g - a potion of resistance {unknown}
 k - 2 potions of magic {unknown}
 p - a potion of curing {unknown}
Comestibles
 f - 5 rations
 n - 2 chunks of flesh


   Skills:
 + Level 2.5 Fighting
 + Level 0.5 Maces & Flails
 + Level 2.5 Throwing
 + Level 2.4 Dodging
 - Level 2.0 Spellcasting
 + Level 3.0 Hexes
 + Level 0.5 Translocations


You had 3 spell levels left.
You knew the following spells:

 Your Spells              Type           Power        Failure   Level  Hunger
a - Corona                Hex            ##.....      6%          1    #......
b - Portal Projectile     Hex/Tloc       #.....       28%         3    ###....

Your spell library contained the following spells:

 Spells                   Type           Power        Failure   Level  Hunger
 Slow                     Hex            ##......     9%          2    ###....
 Inner Flame              Hex/Fire       #.......     32%         3    ###....
 Cause Fear               Hex            ##........   50%         4    #####..
 Leda's Liquefaction      Hex/Erth       #.........   73%         4    #####..


Dungeon Overview and Level Annotations

Branches:
Dungeon (3/15)

Altars:
Yredelemnul

Annotations:
D:3 Robin, Terence


Innate Abilities, Weirdness & Mutations

You are too large for most types of armour.
You have tough skin. (AC +1)


Message History

Press: ? - help, Shift-Dir - straight line, f - Terence
Aim: Terence, wielding a +0 flail and wearing a +0 scale mail (lightly wounded)
You throw a large rock. The large rock hits Terence.
Terence is moderately wounded.
The goblin hits you. Terence closely misses you.
Robin says, "Duck!"
Robin roars a battlecry!
The goblin goes into a battle-frenzy!
The goblin hits you. Terence hits you with a +0 flail!
Throwing (i - inventory. (/) - cycle)
c - 3 large rocks (quivered)
Press: ? - help, Shift-Dir - straight line, f/p - Terence
Aim: Terence, wielding a +0 flail and wearing a +0 scale mail (moderately You throw a large rock.
The large rock hits Terence!
Terence is almost dead.
The goblin closely misses you. Terence hits you with a +0 flail.
* * * LOW HITPOINT WARNING * * *
The goblin hits you.
* * * LOW HITPOINT WARNING * * *
Terence hits you with a +0 flail.
You die... #$. #.# #.# gg.

#g# #######g# ####
......gg# .....
#g########...###
#@##....<.......
#####@##.#####...###
#........# .##
#.##...### #
##.........
##.####### #.# #.#
#.#


You could see Terence, Robin and 6 goblins.

Vanquished Creatures
  A worker ant (D:2)
  A gnoll (D:1)
  2 dart slugs (D:1)
  2 leopard geckos
  5 bats
  3 giant cockroaches
  A goblin (D:1)
  8 hobgoblins
  8 kobolds (D:1)
  A frilled lizard (D:1)
  6 rats
38 creatures vanquished.

Notes
Turn   | Place    | Note
-------+----------+-------------------------------------------
     0 | D:1      | zishaf the Ogre Arcane Marksman began the quest for the
                  | Orb.
     0 | D:1      | Reached XP level 1. HP: 19/19 MP: 2/2
    99 | D:1      | Reached XP level 2. HP: 22/28 MP: 1/4
   804 | D:1      | Reached XP level 3. HP: 15/35 MP: 5/5
   984 | D:1      | Learned a level 3 spell: Portal Projectile
  1839 | D:1      | Reached skill level 3 in Hexes
  2202 | D:2      | Reached XP level 4. HP: 32/44 MP: 5/7
  2316 | D:2      | Found a basalt altar of Yredelemnul.
  3184 | D:3      | Noticed Terence
  3186 | D:3      | Noticed Robin
  3194 | D:3      | Slain by Terence

Vault maps used:
D:1:      dpeg_arrival_circle_labyrinth_b, minmay_heptomino_d4
D:2:      nicolae_overflow_crystal_walls
D:3:      lemuel_round_altar, first_ration, uniq_ijyb, uniq_robin, uniq_terence,
          uniq_sigmund

Skill      XL: |  1  2  3 |
---------------+----------+-----
Dodging        | 2 |  2.4
Fighting       | 2 |  2.5
Hexes          | 3 |  3.0
Spellcasting   | 2 |  2.0
Maces & Flails | |  0.5
Throwing       | |  2.5
Translocations | |  0.5

Action                   |  1- 3 |  4- 6 || total
-------------------------+-------+-------++-------
Melee: Unarmed           |    78 |       ||    78
       Club              |    28 |       ||    28
       Whip              |    27 |    40 ||    67
       Short sword       |    17 |       ||    17
Throw: Large rock        |     5 |     2 ||     7
 Cast: Corona            |     1 |       ||     1
  Eat: Chunk             |     4 |     3 ||     7
Armor: Robe              |    68 |    12 ||    80
Dodge: Dodged            |   103 |    30 ||   133

Table legend:
 A = Non-vault XP
 B = Vault XP
 C = Vault XP percentage of total XP
 D = Non-vault monster count
 E = Vault monster count
 F = Vault count percentage of total count
                 A         B        C        D         E       F
            +---------+---------+-------+---------+---------+-------
      Total |     108 |       4 |   3.6 |      35 |       3 |   7.9
            +---------+---------+-------+---------+---------+-------
        D:1 |      60 |       4 |   6.2 |      25 |       3 |  10.7
        D:2 |      48 |       0 |   0.0 |      10 |       0 |   0.0
            +---------+---------+-------+---------+---------+-------
